 Dungeon Crawl Stone Soup version 0.30-a0-632-g346586fe48 (webtiles) character file.

Game seed: 16584516108235869883

139586 Leeroy the Spry (level 17, -8/95 HPs)
             Began as a Tengu Warper on Jan 13, 2023.
             Was the Champion of Hepliaklqana.
             Killed from afar by a fire giant (23 damage)
             ... with a fireball
             ... on level 2 of the Depths.
             The game lasted 01:30:08 (39371 turns).

Leeroy the Spry (Tengu Warper)                     Turns: 39371, Time: 01:30:09

Health: -8/95      AC: 17    Str: 11    XL:     17   Next: 28%
Magic:  36/36      EV: 33    Int: 16    God:    Hepliaklqana [******]
Gold:   2471       SH:  0    Dex: 24    Spells: 11/28 levels left

rFire   + . .      SeeInvis .    H - +11 long sword "Vaiqoowk" {flame, Dex+4}
rCold   . . .      Faith    .    (no shield)
rNeg    . . .      Spirit   .    D - +3 steam dragon scales
rPois   .          Reflect  .    k - +2 hat
rElec   .          Harm     .    t - +1 cloak "Fihuc" {Regen+}
rCorr   .          Rampage  .    n - +2 pair of gloves
Will    ++...                    (boots unavailable)
Stlth   ++                       K - amulet "Todde" {RegenMP rF+}
HPRegen 1.15/turn                M - ring of magical power
MPRegen 0.65/turn                p - ring of willpower

@: flying quickly and evasively, studying 2 skills, quick
A: reduced essence, beak, talons 3, nimble flight
a: Renounce Religion, Recall Ancestor, Ancestor Identity, Transference, Idealise


You were on level 2 of the Depths.
You worshipped Hepliaklqana.
Hepliaklqana was exalted by your worship.
You visited 6 branches of the dungeon, and saw 28 of its levels.
You also visited: Gauntlet and Ice Cave.

You collected 2964 gold pieces.
You spent 493 gold pieces at shops.

Inventory:

Hand Weapons
 x - a +3 double sword of flaming
 H - the +11 long sword "Vaiqoowk" (weapon) {flame, Dex+4}
   (You found it on level 1 of the Depths)

   Dex:       It affects your dexterity (+4).
 O - the +6 hand axe "Xipugro" {heavy, Fly rElec Str+4}
   (You took it off a minotaur in a Gauntlet)

   Str:       It affects your strength (+4).
   rElec:     It insulates you from electricity.
   Fly:       It grants you flight.
Missiles
 d - 7 boomerangs of dispersal
 m - 15 javelins (quivered)
 I - 23 poisoned darts
 Y - 6 curare-tipped darts
Armour
 f - a +4 plate armour of willpower
 k - a +2 hat (worn)
 n - a +2 pair of gloves (worn)
 t - the +1 cloak "Fihuc" (worn) {Regen+}
   (You found it on level 1 of the Depths)

   Regen:     It increases your rate of health regeneration.
 D - +3 steam dragon scales (worn)
Jewellery
 l - a ring of protection from fire
 p - a ring of willpower (right hand)
 s - an amulet of guardian spirit
 u - a ring of fire
 y - a ring of resist corrosion
 A - a ring of poison resistance
 B - a ring of magical power
 K - the amulet "Todde" (around neck) {RegenMP rF+}
   (You found it in a Gauntlet)

   [amulet of magic regeneration]

   It increases your rate of magic regeneration.
   rF:        It protects you from fire.
 M - a ring of magical power (left hand)
 W - an amulet of the acrobat
 Z - a ring of ice
Wands
 b - a wand of flame (10)
 E - a wand of digging (15)
 L - a wand of paralysis (8)
 S - a wand of mindburst (6)
 V - a wand of quicksilver (16)
Scrolls
 a - a scroll of butterflies
 c - a scroll of vulnerability
 g - 5 scrolls of teleportation
 h - 9 scrolls of poison
 i - 7 scrolls of immolation
 o - 4 scrolls of torment
 J - 3 scrolls of fear
 P - 4 scrolls of magic mapping
 T - a scroll of amnesia
Potions
 e - 9 potions of brilliance
 j - 6 potions of haste
 q - 6 potions of mutation
 r - 15 potions of curing
 v - 2 potions of lignification
 w - 2 potions of resistance
 z - a potion of berserk rage
 C - a potion of ambrosia
 F - a potion of magic
 G - 2 potions of cancellation
 N - 5 potions of heal wounds
 U - 6 potions of attraction
 X - 4 potions of might
Miscellaneous
 Q - a box of beasts
 R - a condenser vane


   Skills:
 - Level 12.2 Fighting
 - Level 16.1 Long Blades
 - Level 0.1(0.2) Axes
 - Level 0.2(0.4) Maces & Flails
 - Level 0.3(0.5) Staves
 - Level 0.2 Ranged Weapons
 - Level 1.0 Throwing
 + Level 6.5 Armour
 - Level 17.2 Dodging
 - Level 0.1 Shields
 - Level 6.2 Spellcasting
 - Level 0.4 Conjurations
 - Level 0.4 Summonings
 - Level 0.1 Necromancy
 - Level 13.0 Translocations
 - Level 0.3 Transmutations
 - Level 0.2 Fire Magic
 - Level 0.3 Ice Magic
 - Level 10.3 Air Magic
 - Level 0.1 Earth Magic
 - Level 0.6 Poison Magic
 - Level 0.5 Invocations


You had 11 spell levels left.
You knew the following spells:

 Your Spells              Type           Power      Damage    Failure   Level
a - Blink                 Tloc           92%        N/A       1%          2
b - Vhi's Electric Charg  Tloc/Air       84%        N/A       1%          3
c - Teleport Other        Tloc           46%        N/A       1%          3
d - Manifold Assault      Tloc           46%        N/A       1%          4
e - Mephitic Cloud        Conj/Pois/Air  17%        N/A       9%          3
f - Cigotuvi's Dreadful   Necr/Pois/Air  32%        N/A       4%          2

Your spell library contained the following spells:

 Spells                   Type           Power      Damage    Failure   Level
 Apportation              Tloc           92%        N/A       1%          1
 Lesser Beckoning         Tloc           92%        N/A       1%          3
 Poisonous Vapours        Pois/Air       44%        N/A       2%          2
 Static Discharge         Conj/Air       44%        2-4/arc   2%          2
 Magic Dart               Conj           24%        1d4       11%         1
 Sting                    Tmut/Pois      24%        1d4       11%         1
 Summon Small Mammal      Summ           24%        N/A       11%         1
 Necrotise                Necr           20%        1d5       13%         1
 Searing Ray              Conj           12%        2d4       17%         2
 Sublimation of Blood     Necr           5%         N/A       19%         2
 Ozocubu's Armour         Ice            6%         N/A       34%         3
 Olgreb's Toxic Radiance  Pois           7%         N/A       71%         4
 Fulminant Prism          Conj/Hex       2%         3d5       77%         4
 Ozocubu's Refrigeration  Ice            3%         4d8       100%        7
 Ignition                 Fire           2%         3d3       100%        8


Dungeon Overview and Level Annotations

Branches:
Dungeon (15/15) Temple (1/1) D:5 Lair (5/5) D:11 Shoals (0/4) Lair:2 Spider (3/4) Lair:2 Slime (0/5) Lair:4 Orc (2/2) D:9 Elf (0/3) Orc:1 Orc:2 Vaults (0/5) D:14 Depths (2/4) D:15 IceCv (visited) Gauntlet (visited)

Altars:
Ashenzari
Cheibriados
Dithmenos
Elyvilon
Fedhas
Gozag
Hepliaklqana
Kikubaaqudgha
Makhleb
Nemelex Xobeh
Okawaru
Qazlal
Ru
Sif Muna
Trog
Uskayaw
Vehumet
Wu Jian
Xom
Yredelemnul
Zin
The Shining One

Shops:
D:4 ?   D:10 (   D:11 =?[[   D:13 *

Portals:
Hell: Depths:1
Pandemonium: Depths:1
Ziggurat: Depths:1
Trove: D:12 (give +5 demon trident)

Annotations:
D:12 Rupert
Spider:2 Arachne
Orc:2 2 runed translucent doors, ma3's ghost, journeyman MiEn
Depths:1 2 transporters, Pidgh's ghost, adept TeFi


Innate Abilities, Weirdness & Mutations

Your life essence is reduced to manifest your ancestor. (-10% HP)
You have a beak for a mouth.
You have claws for feet.
Your magical nature lets you fly swiftly and evasively.


Message History

Iltani easily resists.
Iltani hits the vampire knight but does no damage.
Iltani hits the vampire knight with a +0 dagger of draining!
The vampire knight hits Iltani with a +0 halberd!!
The vampire knight bites Iltani.
The deep troll earth mage points next to you and mumbles some strange words.
The wall shatters!
The blast of rock fragments hits you!!
The blast of rock fragments hits Iltani!!
Iltani is destroyed!
The fire giant hits you but does no damage.
You hear a deafening roar!
The deep troll shaman calls upon its god to speed up the deep troll.
The deep troll seems to speed up.
The fire giant casts a spell at you.
The fireball explodes!
The fireball engulfs you!! You resist.
The vampire knight points at you and mumbles some strange words.
You resist with almost no effort.
Some rock shatters into small pieces.
The fire giant points at you and mumbles some strange words.
The bolt of fire misses you.
The vampire knight casts a spell.
The vampire knight flickers and vanishes!
Deactivating autopickup; reactivate with Ctrl-A.
A fire dragon comes into view.
You hear a grinding noise.
The deep troll earth mage casts a spell next to the fire giant.
Some rock shatters into small pieces.
The fire dragon roars deafeningly!
You hear some strange, mumbled words.
Something tries to affect you, but you resist.
The deep troll shaman calls upon its god to strengthen the deep troll.
The deep troll seems to grow stronger.
There is a stone staircase leading up here.
Something hits you!!
* * * LOW HITPOINT WARNING * * *
The deep troll earth mage casts a spell next to you.
The wall shatters!
The blast of rock fragments hits you but does no damage.
The fire giant casts a spell at you.
The fireball explodes!
The fireball engulfs you!! You resist.
You die...

# ## .#
#.# ###.#
#.##...#
#@†.#.#
##..).#
####
##{C.#
#.#.#
##TT##...#
##..#...#
#...TD.##
#T#.....#
#....##.#
#...## ..


You could see a fire giant, a fire dragon, a deep troll (fast, strong), a deep
troll earth mage and a deep troll shaman.

Vanquished Creatures
  A lich (Depths:1)
  A sphinx (Depths:1)
  Kirke (D:12)
  An emperor scorpion (Spider:2)
  A frost giant (D:15)
  Aizul (Spider:1)
  2 orc warlords
  A broodmother (Spider:2)
  9 very ugly things
  A lorocyproca (Depths:1)
  A minotaur (Gauntlet)
  The ghost of Nyg Tys the Severer, a journeyman MiBe of Trog (D:12)
  2 fire dragons
  4 vault guards (D:14)
  5 ice dragons
  4 hydras
  A catoblepas (D:14)
  3 boulder beetles
  5 centaur warriors
  A tengu warrior (Depths:2)
  A deep troll shaman (Depths:1)
  4 two-headed ogres
  A death scarab (Spider:2)
  A deep troll earth mage (Depths:1)
  4 death yaks
  Urug (Lair:4)
  2 orc high priests
  Nergalle (D:10)
  3 pharaoh ants
  4 iron trolls
  2 sixfirhies (Depths:1)
  A sun moth (Spider:2)
  5 deep trolls
  An orb spider (Spider:3)
  A wizard (Depths:1)
  2 lindwurms (Lair:5)
  4 orc knights
  3 steelbarb worms
  6 wolf spiders
  3 deep elf pyromancers
  3 orc sorcerers (Depths:1)
  An oklob plant (Gauntlet)
  10 elephants
  A cyclops (D:15)
  5 manticores
  16 ugly things
  A moth of wrath (Spider:1)
  6 torpor snails (Lair:5)
  2 ice statues (IceCv)
  A black mamba (Lair:5)
  A demonic crawler (Spider:2)
  2 gargoyles (D:14)
  14 cane toads
  An unseen horror (D:11)
  Psyche (D:10)
  A rime drake (Lair:4)
  12 komodo dragons
  An ice devil (Gauntlet)
  2 yaktaurs (D:15)
  2 kobold demonologists
  2 efreet
  A freezing wraith (IceCv)
  A red devil (Depths:1)
  2 tengu conjurers
  A polar bear (Lair:5)
  2 tyrant leeches (Lair:5)
  5 trolls
  5 hornets (Lair:5)
  2 meliai (Spider:2)
  21 blink frogs
  7 tarantellas
  13 dream sheep
  A culicivora (Spider:1)
  4 shadows
  3 wyverns
  A wraith (D:11)
  8 jumping spiders
  3 flying skulls (Gauntlet)
  A water elemental (D:13)
  2 fire elementals (D:13)
  56 yaks
  2 hogs (D:12)
  A neqoxec (Gauntlet)
  9 basilisks
  4 steam dragons
  7 vampire mosquitoes
  4 chaos spawn
  2 death yak simulacra (IceCv)
  16 redbacks
  7 wargs
  2 acid dragons
  10 water moccasins
  2 hell hounds (D:13)
  2 black bears
  A sky beast (D:8)
  2 ice beasts (D:5)
  14 orc warriors
  26 centaurs
  14 wolves
  3 ogres
  3 phantoms
  A kobold brigand (D:8)
  9 bullfrogs
  4 scorpions
  A necrophage (D:7)
  4 wights
  3 killer bees (D:9)
  An elephant simulacrum (IceCv)
  An electric eel (D:13)
  9 howler monkeys
  7 hounds
  3 jellies
  2 gnoll boudas
  17 orc priests
  A hexer (D:9)
  3 iguanas
  9 orc wizards
  7 hell rats
  2 polar bear simulacra (IceCv)
  6 gnolls
  9 adders
  5 river rats (Lair:3)
  A shadow imp (D:5)
  5 white imps
  An ufetubus (D:4)
  A worm (D:3)
  2 dart slugs
  61 orcs
  4 ball pythons
  2 endoplasms
  4 giant cockroaches
  10 goblins
  4 hobgoblins
  12 jackals
  19 kobolds
  4 quokkas
  5 bats
  5 frilled lizards
  4 rats
699 creatures vanquished.

Vanquished Creatures (collateral kills)
  Jorgrun (D:12)
  A very ugly thing (Depths:1)
  Azrael (D:13)
  The ghost of Fypraclaro the Thaumaturge, a journeyman GnHW of Vehumet (Lair:1)
  A tengu warrior (D:14)
  2 centaur warriors (D:13)
  A soul eater (Depths:1)
  A deep troll (Depths:1)
  2 wolf spiders
  3 ugly things
  2 elephants
  2 black mambas (Lair:5)
  An unseen horror (D:11)
  A cane toad (Lair:5)
  A komodo dragon (D:12)
  A meliai (Spider:2)
  A tyrant leech (Lair:5)
  A hornet (Lair:5)
  A wolf spider simulacrum (D:13)
  4 blink frogs
  3 dream sheep (Lair:1)
  2 jumping spiders
  9 yaks
  2 basilisks
  2 redbacks (Spider:1)
  An ice beast (D:8)
  2 orc warriors
  A black bear (D:7)
  5 wolves
  A centaur (D:15)
  A bullfrog (D:7)
  A wight (D:7)
  A howler monkey (D:12)
  2 orc priests (Orc:2)
  4 orc wizards
  4 river rats (Lair:3)
  9 orcs
  3 kobolds
82 creatures vanquished.

Vanquished Creatures (others)
  A troll (D:5)
  A human (D:12)
  An ice beast (D:5)
  22 hexers
  5 ancestors
  A gnoll (D:5)
  32 fungi
  47 plants
110 creatures vanquished.

Grand Total: 891 creatures vanquished

Notes
Turn   | Place    | Note
-------+----------+-------------------------------------------
     0 | D:1      | Leeroy the Tengu Warper began the quest for the Orb.
     0 | D:1      | Reached XP level 1. HP: 12/12 MP: 4/4
   319 | D:1      | Reached XP level 2. HP: 17/17 MP: 6/6
   462 | D:1      | Learned a level 2 spell: Blink
   495 | D:1      | Found a faded altar of an unknown god.
   775 | D:1      | Reached XP level 3. HP: 21/21 MP: 7/7
   911 | D:2      | Found a bloodstained altar of Trog.
   945 | D:2      | Learned a level 3 spell: Vhi's Electric Charge
  1744 | D:3      | Reached XP level 4. HP: 26/26 MP: 8/8
  2470 | D:3      | Noticed a kobold brigand
  2802 | D:4      | Reached skill level 1 in Air Magic
  2812 | D:4      | Noticed a phantom
  2828 | D:4      | Killed a phantom
  2829 | D:4      | Gained mutation: Your magical nature lets you fly swiftly
                  | and evasively. [Tengu growth]
  2829 | D:4      | Reached XP level 5. HP: 17/30 MP: 6/9
  2933 | D:4      | Reached skill level 5 in Air Magic
  2933 | D:4      | Reached XP level 6. HP: 34/35 MP: 10/10
  3026 | D:4      | Learned a level 3 spell: Teleport Other
  3660 | D:4      | Found a bloodstained altar of Trog.
  3693 | D:4      | Found a snail-covered altar of Cheibriados.
  3991 | D:4      | Found Quocuhapt's Magic Scroll Shop.
  3996 | D:4      | Bought a scroll of blinking for 82 gold pieces
  3996 | D:4      | Bought a scroll of blinking for 82 gold pieces
  3996 | D:4      | Bought a scroll of enchant weapon for 82 gold pieces
  4270 | D:5      | Entered Level 5 of the Dungeon
  4320 | D:5      | Reached XP level 7. HP: 38/40 MP: 7/11
  4421 | D:5      | Noticed a troll
  4898 | D:5      | Reached skill level 3 in Dodging
  5117 | D:5      | Reached skill level 4 in Dodging
  5524 | D:5      | Reached skill level 5 in Dodging
  5728 | D:5      | Found a staircase to the Ecumenical Temple.
  5881 | Temple   | Entered the Ecumenical Temple
  5963 | Temple   | Became a worshipper of Hepliaklqana the Forgotten
  6217 | D:6      | Reached skill level 6 in Dodging
  6271 | D:6      | Reached XP level 8. HP: 44/44 MP: 12/12
  6392 | D:6      | Reached skill level 7 in Dodging
  6479 | D:6      | Reached skill level 8 in Dodging
  6606 | D:6      | Reached skill level 9 in Dodging
  6617 | D:6      | Reached XP level 9. HP: 36/48 MP: 13/13
  6983 | D:7      | Learned a level 4 spell: Manifold Assault
  7038 | D:7      | Identified the +7 sling of Dekhlaz {elec, rF- rC- rN+++
                  | Dex+4}
  7143 | D:7      | Reached skill level 10 in Dodging
  7431 | D:7      | Reached * piety under Hepliaklqana
  7606 | D:7      | Reached skill level 11 in Dodging
  8276 | D:8      | Reached skill level 12 in Dodging
  8628 | D:8      | Reached skill level 13 in Dodging
  8628 | D:8      | Reached XP level 10. HP: 41/47 MP: 14/14
  8675 | D:8      | Reached skill level 5 in Long Blades
  8839 | D:8      | Got the Collected Works on the Rotting Zephyr
  9317 | D:9      | Noticed a kobold demonologist
  9585 | D:9      | Reached ** piety under Hepliaklqana
  9586 | D:9      | Remembered your ancestor Iltani as a hexer
  9811 | D:9      | Found a staircase to the Orcish Mines.
 10306 | D:9      | Noticed a sixfirhy
 10308 | D:9      | Killed a kobold demonologist
 10440 | D:9      | Reached skill level 10 in Long Blades
 10587 | D:10     | Entered Level 10 of the Dungeon
 10613 | D:10     | Found Eheifar's Weapon Emporium.
 10674 | D:8      | Reached XP level 11. HP: 42/50 MP: 15/15
 11859 | Orc:1    | Entered Level 1 of the Orcish Mines
 12295 | Orc:2    | Entered Level 2 of the Orcish Mines
 12295 | Orc:2    | Found a staircase to the Elven Halls.
 12306 | Orc:2    | Noticed an orc high priest
 12371 | Orc:2    | Noticed a two-headed ogre
 12382 | Orc:2    | Killed a two-headed ogre
 12491 | Orc:2    | Found a large runed translucent door.
 12491 | Orc:2    | Found a large runed translucent door.
 12495 | Orc:2    | Noticed ma3's ghost (journeyman MiEn)
 12667 | Orc:2    | Noticed an orc high priest
 12668 | Orc:2    | Noticed a soul eater
 12817 | Orc:2    | Killed an orc high priest
 13164 | Orc:2    | Noticed an orc high priest
 13169 | Orc:2    | Noticed an orc knight
 13291 | Orc:2    | Noticed an orc high priest
 13639 | Orc:1    | Killed an orc high priest
 14150 | D:10     | Noticed a two-headed ogre
 14157 | D:10     | Killed a two-headed ogre
 14225 | D:10     | Reached *** piety under Hepliaklqana
 14249 | D:10     | Noticed Nergalle
 14254 | D:10     | Killed Nergalle
 14271 | D:10     | Found a hide-covered altar of Uskayaw.
 14274 | D:10     | Found a basalt altar of Yredelemnul.
 14276 | D:10     | Found an ornate altar of the Wu Jian Council.
 14332 | D:10     | Found a white marble altar of Elyvilon.
 14350 | D:10     | Noticed Psyche
 14353 | D:10     | Killed Psyche
 14354 | D:10     | Reached skill level 5 in Fighting
 14478 | D:10     | Found a sacrificial altar of Ru.
 14479 | D:10     | Found an opulent altar of Gozag.
 14728 | D:11     | Reached XP level 12. HP: 53/62 MP: 16/16
 14880 | D:11     | Found a staircase to the Lair.
 15104 | D:11     | Found Sunkoi's Jewellery Emporium.
 15344 | D:11     | Found Xaediz's Armour Boutique.
 15362 | D:11     | Found Vonemopt's Antique Armour Shop.
 15364 | D:11     | Found Jefasam's Magic Scroll Emporium.
 15634 | D:12     | Found a portal to a secret trove of treasure.
 15747 | D:12     | Found a runed translucent door.
 15747 | D:12     | Noticed Nyg Tys's ghost (journeyman MiBe)
 15769 | D:12     | Noticed Rupert
 15771 | D:12     | Paralysed by Rupert for 3 turns
 15867 | D:11     | Bought a +2 pair of gloves for 247 gold pieces
 15893 | Lair:1   | Entered Level 1 of the Lair of Beasts
 16125 | Lair:1   | Reached skill level 10 in Fighting
 16129 | Lair:1   | Found a transporter.
 16129 | Lair:1   | Noticed Fypraclaro's ghost (journeyman GnHW)
 16142 | Lair:1   | Found a transporter.
 16313 | Lair:1   | Noticed a boulder beetle
 16621 | Lair:1   | Reached XP level 13. HP: 52/76 MP: 15/17
 16822 | Lair:1   | Reached **** piety under Hepliaklqana
 17206 | Lair:1   | Learned a level 3 spell: Mephitic Cloud
 17430 | Lair:2   | Found a staircase to the Shoals.
 17513 | Lair:2   | Reached skill level 5 in Spellcasting
 17748 | Lair:2   | You are sucked into a shaft and drop 1 floor!
 18410 | Lair:3   | Reached ***** piety under Hepliaklqana
 18540 | Lair:3   | Reached skill level 5 in Translocations
 18928 | Lair:4   | Noticed Urug
 18943 | Lair:4   | Killed Urug
 19509 | Lair:4   | Reached XP level 14. HP: 77/82 MP: 17/24
 19584 | Lair:4   | Found a staircase to the Slime Pits.
 20003 | Lair:5   | Entered Level 5 of the Lair of Beasts
 20325 | Lair:5   | Found a gate leading to a gauntlet.
 20339 | Gauntlet | Entered a Gauntlet
 20339 | Gauntlet | Found a transporter.
 20339 | Gauntlet | Found a transporter.
 20339 | Gauntlet | Found a transporter.
 20357 | Gauntlet | Found a transporter.
 20359 | Gauntlet | Found a transporter.
 20378 | Gauntlet | Found a transporter.
 20383 | Gauntlet | Found a transporter.
 20389 | Gauntlet | Found a transporter.
 20407 | Gauntlet | Found a transporter.
 20415 | Gauntlet | Found a transporter.
 20432 | Gauntlet | Found a transporter.
 20483 | Gauntlet | Found a transporter.
 20854 | Gauntlet | Learned a level 2 spell: Cigotuvi's Dreadful Rot
 21046 | Gauntlet | Identified the amulet "Todde" {RegenMP rF+}
 21471 | Gauntlet | Identified the +6 hand axe "Xipugro" {heavy, Fly rElec
                  | Str+4}
 22279 | Lair:5   | Reached skill level 10 in Translocations
 23736 | Lair:5   | Found a runed translucent door.
 24260 | Lair:5   | Reached XP level 15. HP: 80/86 MP: 25/25
 24431 | Lair:2   | Found a hole to the Spider Nest.
 24758 | Spider:1 | Entered Level 1 of the Spider Nest
 24843 | Spider:1 | Reached ****** piety under Hepliaklqana
 25615 | Spider:1 | Reached skill level 14 in Dodging
 25795 | Spider:1 | Noticed Aizul
 25908 | Spider:1 | Killed Aizul
 26850 | Spider:2 | Noticed an emperor scorpion
 27929 | Spider:2 | Noticed Arachne
 28286 | Spider:2 | Reached skill level 15 in Dodging
 28573 | Spider:2 | Killed an emperor scorpion
 28804 | Spider:3 | Noticed an emperor scorpion
 29294 | Lair:1   | Killed Fypraclaro's ghost
 29661 | D:12     | Noticed Kirke
 29668 | D:12     | Killed Kirke
 29669 | D:12     | Reached skill level 16 in Dodging
 29830 | D:12     | Noticed Jorgrun
 29900 | D:12     | Killed Jorgrun
 29988 | D:12     | Paralysed by Rupert for 2 turns
 30490 | D:13     | Found Zuna's General Store.
 30567 | D:13     | Noticed Azrael
 30855 | D:13     | Killed Azrael
 30856 | D:13     | Reached skill level 17 in Dodging
 30883 | D:13     | Found a frozen archway.
 30898 | IceCv    | Entered an ice cave
 30962 | IceCv    | Found a transporter.
 30978 | IceCv    | Found a transporter.
 31878 | D:14     | Found a gate to the Vaults.
 31888 | D:14     | Reached XP level 16. HP: 74/90 MP: 21/26
 31903 | D:14     | HP: 2/90 [catoblepas/blast of calcifying dust (3)]
 32335 | D:14     | Found an iron altar of Okawaru.
 33054 | D:14     | Reached skill level 15 in Long Blades
 33325 | D:15     | Entered Level 15 of the Dungeon
 34114 | D:15     | Found a staircase to the Depths.
 34699 | D:12     | Killed Nyg Tys's ghost
 34964 | D:12     | Paralysed by Rupert for 5 turns
 35695 | Depths:1 | Entered Level 1 of the Depths
 35828 | Depths:1 | Reached skill level 10 in Air Magic
 35858 | Depths:1 | Noticed a caustic shrike
 35858 | Depths:1 | Noticed a storm dragon
 36089 | Depths:1 | Found a one-way gateway to a ziggurat.
 37221 | Depths:1 | Found a gateway to Hell.
 37592 | Depths:1 | Found a one-way gate leading to the halls of Pandemonium.
 37799 | Depths:1 | Noticed a lich
 37804 | Depths:1 | Killed a lich
 37805 | Depths:1 | Reached XP level 17. HP: 86/95 MP: 27/27
 38389 | Depths:1 | Reached skill level 5 in Armour
 38566 | Depths:1 | Noticed a sphinx
 38571 | Depths:1 | Noticed Pidgh's ghost (adept TeFi)
 38575 | Depths:1 | Killed a sphinx
 38582 | Depths:1 | Noticed a caustic shrike
 38667 | Depths:1 | Found a transporter.
 38702 | Depths:1 | Found a transporter.
 38716 | Depths:1 | Identified the +1 cloak "Fihuc" {Regen+}
 38758 | Depths:1 | Found a glowing golden altar of the Shining One.
 38758 | Depths:1 | Found a white marble altar of Elyvilon.
 38777 | Depths:1 | Found a glowing silver altar of Zin.
 39011 | Depths:1 | Identified the +11 long sword "Vaiqoowk" {flame, Dex+4}
 39371 | Depths:2 | Killed from afar by a fire giant

Illustrated notes

Levels and vault maps discovered:
D:1:      dpeg_cavernosity, layout_basic,
          hellmonk_ecumenical_altar_inner_sanctum
D:2:      layout_basic, basic_altar
D:3:      cheibrodos_thug_alley, layout_basic, hangedman_feature_mirror
D:4:      layout_layer_cave, minitemple, serial_shops, nicolae_shop_hallway_plus
D:5:      layout_basic, minmay_temple_entry_nine_rooms, lemuel_flamethrower_2
D:6:      layout_rooms, minmay_pentangle
D:7:      layout_gridville
D:8:      layout_basic, hex_medium, st_stairs_4
D:9:      layout_gridville, david_orc_5
D:10:     layout_irregular_city, nicolae_overflow_hidden_temple,
          amcnicky_altar_gilded, serial_shops, nicolae_shop_stone,
          serial_bayou_pond_a, uniq_psyche, uniq_nergalle
D:11:     layout_roguey, david_lair_generic, serial_shops,
          nicolae_shop_competitors_out_of_business, nicolae_shop_waterfront,
          nicolae_take_the_stairs, shop
D:12:     layout_cave_pods, nicolae_trove_entry_crossroad,
          hellmonk_ghost_happy_afterlife, minmay_misc_feat_hallway, uniq_rupert,
          uniq_kirke, uniq_jorgrun
D:13:     layout_layer_cave, portal_ice_cave_entry_pillars_2, serial_shops,
          nicolae_inconvenience_store, uniq_azrael
D:14:     layout_roguey, lightli_vaults_fourway_checkpoint,
          okawaru_ov_weapons_minmay
D:15:     grunt_enter_depths_hoard, layout_basic, minmay_misc_feat_room
Temple:   eino_temple_lava
Lair:1:   layout_long_grid, gammafunk_ghost_arena,
          cheibrodos_lair_caveside_slide
Lair:2:   layout_big_grid, shoals_dummy_entry,
          nicolae_spider_entry_lesser_pyramids, serial_bayou_shore_a,
          grunt_megastairs_1
Lair:3:   layout_cave_pods, kennysheep_rathole
Lair:4:   layout_gridlike, slime_entry_1, uniq_urug
Lair:5:   wormcave, layout_layer_cave, gauntlet_entry_generic,
          fungi_pond_lemuel, st_stairs_12, lookout_lair_type,
          minmay_shattered_shrine
Spider:1: layout_chambers, uniq_aizul
Spider:2: layout_chambers, nicolae_spider_cling_halls, uniq_arachne
Spider:3: layout_spider_delve, hangedman_spider_tarantella_strand
Orc:1:    layout_diamond_mine, basic_altar, nicolae_orc_crystal_geode
Orc:2:    st_orc_town, layout_caves, ebering_ghost_disaster_area,
          nicolae_orc_lost_temple, uniq_saint_roka
Depths:1: layout_basic, enter_ziggurat_f, gammafunk_ghost_berserking_beasts,
          rand_demon_pan_entry_7, hangedman_tar_grid_catacomb,
          good_gods_mini_temple, minmay_orc_keep
Depths:2: gammafunk_dig_for_victory, layout_cave_shapes, minmay_misc_feat_tower,
          serial_shops, statue_bzr, grunt_hell_horde, pan_entry,
          infiniplex_staircase_pillars_2

Skill      XL: |  1  2  3  4  5  6  7  8  9 10 11 12 13 14 15 16 17 |
---------------+----------------------------------------------------+-----
Translocations | 3 7 12 13 | 13.0
Air Magic      | 3 5 7 10 | 10.3
Dodging        | 6 9 13 17 | 17.2
Long Blades    | 10 13 16 | 16.1
Fighting       | 5 11 12 | 12.2
Spellcasting   | 6 |  6.2
Armour         | 4 6 |  6.5
Axes           | |  0.1
Maces & Flails | |  0.2
Staves         | |  0.3
Ranged Weapons | |  0.2
Throwing       | |  1.0
Shields        | |  0.1
Conjurations   | |  0.4
Summonings     | |  0.4
Necromancy     | |  0.1
Transmutations | |  0.3
Fire Magic     | |  0.2
Ice Magic      | |  0.3
Earth Magic    | |  0.1
Poison Magic   | |  0.6
Invocations    | |  0.5

Action                   |  1- 3 |  4- 6 |  7- 9 | 10-12 | 13-15 | 16-18 || total
-------------------------+-------+-------+-------+-------+-------+-------++-------
Melee: Short sword       |    77 |   143 |   264 |       |       |       ||   484
       Kick              |    12 |    38 |   112 |   162 |   233 |   201 ||   758
       Peck              |    13 |    22 |    69 |    88 |   146 |   133 ||   471
       Punch             |     1 |     1 |     5 |     5 |     9 |    10 ||    31
       Scimitar          |       |       |    33 |   472 |  1000 |   596 ||  2101
       Rapier            |       |       |       |       |     1 |       ||     1
       Long sword        |       |       |       |       |       |    13 ||    13
Throw: Javelin           |       |       |       |     3 |    10 |     1 ||    14
 Cast: Vhi's Electric Ch |       |     2 |    30 |    62 |    73 |    46 ||   213
       Blink             |       |     1 |     2 |       |     6 |     6 ||    15
       Teleport Other    |       |       |     3 |       |       |       ||     3
       Manifold Assault  |       |       |       |       |   217 |    71 ||   288
       Mephitic Cloud    |       |       |       |       |       |     2 ||     2
Invok: Recall Ancestor   |       |       |     2 |    20 |    19 |     9 ||    50
       Ancestor Life: He |       |       |       |     1 |       |       ||     1
Evoke: Wand              |       |       |       |     2 |     2 |     3 ||     7
       Box of beasts     |       |       |       |       |       |     1 ||     1
       Condenser vane    |       |       |       |       |       |     1 ||     1
  Use: Scroll            |       |       |       |    23 |    24 |    11 ||    58
       Potion            |       |       |       |       |     2 |     5 ||     7
 Stab: Sleeping          |       |     2 |       |       |     1 |     3 ||     6
       Confused          |       |       |       |    10 |    18 |     7 ||    35
       Distracted        |       |       |       |    12 |     8 |    11 ||    31
       Paralysed         |       |       |       |     2 |    14 |    24 ||    40
Armor: Leather armour    |    24 |    42 |    40 |       |       |       ||   106
       Steam dragon scal |       |       |    28 |    55 |   100 |    69 ||   252
Dodge: Dodged            |    50 |    80 |   267 |   423 |   664 |   426 ||  1910

Table legend: (Time is in decaauts)
 A = Elapsed time spent in this place.
 B = Non-inter-level travel time spent in this place.
 C = Inter-level travel time spent in this place.
 D = Time resting spent in this place.
 E = Time spent auto-exploring this place.
 F = Levels seen in this place.
 G = Mean time per level.
                   A        B        C        D        E       F      G
               +--------+--------+--------+--------+--------+-----+--------+
         Total |  37151 |  35158 |   1993 |   8203 |  20663 |  30 | 1238.4 |
       Dungeon |  20244 |  18851 |   1393 |   4003 |  11627 |  15 | 1349.6 |
        Temple |     82 |     46 |     36 |      0 |     37 |   1 |   82.0 |
          Lair |   6807 |   6596 |    211 |    256 |   5312 |   5 | 1361.4 |
   Spider Nest |   4217 |   3990 |    227 |   1618 |   1848 |   3 | 1405.7 |
  Orcish Mines |   2019 |   1950 |     69 |   1160 |    450 |   2 | 1009.5 |
        Depths |   2126 |   2072 |     54 |    570 |    936 |   2 | 1063.0 |
      Ice Cave |    180 |    180 |      0 |     51 |     55 |   1 |  180.0 |
      Gauntlet |   1473 |   1473 |      0 |    543 |    395 |   1 | 1473.0 |
               +--------+--------+--------+--------+--------+-----+--------+

Top non-repeatable levels by time:
  Lair:5: 2634 daAuts
    D:15: 2443 daAuts
Spider:2: 2188 daAuts
Depths:1: 2103 daAuts
Spider:1: 1882 daAuts
     D:9: 1745 daAuts
     D:5: 1703 daAuts
    D:13: 1684 daAuts
     D:4: 1683 daAuts
    D:12: 1492 daAuts
Gauntlet: 1473 daAuts
   Orc:1: 1439 daAuts
    D:11: 1365 daAuts
    D:14: 1314 daAuts
     D:7: 1254 daAuts
